 Dungeon Crawl Stone Soup version 0.21.0-3-g78d12a8 (webtiles) character file.

113 Ghouzt the Skirmisher (level 4, -2/37 HPs)
             Began as a Demonspawn Abyssal Knight on Jan 8, 2018.
             Was a Believer of Lugonu.
             Slain by a gnoll
             ... wielding a +0 halberd
              (14 damage)
             ... on level 3 of the Dungeon.
             The game lasted 00:05:32 (1779 turns).

Ghouzt the Skirmisher (Demonspawn Abyssal Knight)   Turns: 1779, Time: 00:05:33

Health: -2/37      AC:  4    Str: 18    XL:     4   Next: 65%
Magic:  5/5        EV: 11    Int: 14    God:    Lugonu [**....]
Gold:   90         SH:  0    Dex: 12    Spells: 3/3 levels left

rFire    + . .     SeeInvis .   a - +1 hand axe
rCold    x . .     Gourm    .   (no shield)
rNeg     . . .     Faith    .   b - +0 leather armour
rPois    .         Spirit   .   (no helmet)
rElec    .         Reflect  .   d - +0 cloak
rCorr    .         Harm     .   (no gloves)
MR       .....                  (no boots)
Stlth    +.........             (no amulet)
HPRegen  0.12/turn              l - ring of fire
MPRegen  0.09/turn              (no ring)

@: mighty, glowing
A: hooves 2
a: Depart the Abyss, Bend Space, Renounce Religion


You were on level 3 of the Dungeon.
You worshipped Lugonu.
Lugonu was pleased with you.
You were not hungry.

You visited 1 branch of the dungeon, and saw 3 of its levels.
You visited the Abyss 1 time.

You collected 90 gold pieces.

Inventory:

Hand Weapons
 a - a +1 hand axe (weapon)
Armour
 b - a +0 leather armour (worn)
 d - a +0 cloak (worn)
Jewellery
 l - a ring of fire (left hand)
Scrolls
 e - a scroll of fog {unknown}
 g - 2 scrolls of magic mapping {unknown}
 h - 3 scrolls of enchant armour {unknown}
 i - 2 scrolls of teleportation {unknown}
 j - 3 scrolls of identify {unknown}
 k - a scroll of immolation {unknown}
 m - a scroll of remove curse {unknown}
Potions
 n - a potion of might
Comestibles
 c - 2 rations
 f - a chunk of flesh


   Skills:
 + Level 3.7 Fighting
 + Level 3.1 Axes
 + Level 2.6 Armour
 + Level 1.3 Dodging
 + Level 2.4 Invocations


You had 3 spell levels left.
You didn't know any spells.

Dungeon Overview and Level Annotations

Branches:
Dungeon (3/15)

Altars:
Cheibriados
Fedhas
Gozag
Vehumet

Shops:
D:2 *


Innate Abilities, Weirdness & Mutations

You have hoof-like feet.


Message History

The gnoll shaman calls upon its god to speed up the gnoll.
The gnoll seems to speed up.
The gnoll hits you! The gnoll barely misses you.
It was a potion of might.
You feel very mighty all of a sudden. The gnoll hits you. The gnoll misses you.
You slash the gnoll! You kick the gnoll.
You kill the gnoll!
Lugonu accepts your kill.
You slash the gnoll!
You kill the gnoll!
Lugonu accepts your kill.
You see here a club.
You hit the gnoll shaman. Your kick misses the gnoll shaman.
The gnoll shaman is lightly wounded.
The gnoll hits you from afar with a halberd.
The gnoll shaman hits you with a club!
The gnoll hits you from afar with a halberd!
You die...

...##.# ....#.#
...##.############
#.###....(.......#
.#........#### #.#
..#######.# #.# .
#(# #.# . #.# #.#
. #.# #@# #.# #g#
#.######g#
#......wg#
#######..# #....#
####g#..####
...........#
###...#.##.#


You could see a gnoll shaman, a worm, a gnoll and a goblin.

Vanquished Creatures
  5 gnolls
  An adder (D:2)
  A dart slug (D:1)
  4 leopard geckos (D:1)
  5 bats
  A giant cockroach (D:1)
  6 goblins
  7 hobgoblins
  2 jackals (D:2)
  2 ball pythons
  6 frilled lizards (D:1)
  8 kobolds
  2 rats (D:3)
50 creatures vanquished.

Notes
Turn   | Place    | Note
-------+----------+-------------------------------------------
     0 | Abyss:1  | Ghouzt the Demonspawn Abyssal Knight began the quest for the Orb.
     0 | Abyss:1  | Reached XP level 1. HP: 18/18 MP: 2/2
    39 | Abyss:1  | Noticed a starcursed mass
    41 | D:1      | Escaped the Abyss
   101 | D:1      | Reached * piety under Lugonu
   135 | D:1      | Gained mutation: You have large cloven feet. [demonic ancestry]
   135 | D:1      | Reached XP level 2. HP: 9/24 MP: 3/3
   428 | D:1      | Reached skill level 1 in Dodging
   514 | D:1      | Gained mutation: You have hoof-like feet. [demonic ancestry]
   514 | D:1      | Reached XP level 3. HP: 22/29 MP: 4/4
   732 | D:2      | Found a blossoming altar of Fedhas.
   763 | D:2      | Found an opulent altar of Gozag.
   767 | D:2      | Found Gozag's Platinum Reserve.
   997 | D:2      | Reached ** piety under Lugonu
   997 | D:2      | Reached XP level 4. HP: 29/36 MP: 5/5
  1296 | D:2      | Found a radiant altar of Vehumet.
  1299 | D:2      | Found a snail-covered altar of Cheibriados.
  1779 | D:3      | Slain by a gnoll

Skill      XL: |  1  2  3  4 |
---------------+-------------+-----
Armour         | 2 |  2.6
Axes           | 2 3 |  3.1
Dodging        | 1 |  1.3
Fighting       | |  3.7
Invocations    | |  2.4

Action                   |  1- 3 |  4- 6 || total
-------------------------+-------+-------++-------
Melee: Hand axe          |    89 |    39 ||   128
       Kick              |    13 |    11 ||    24
Invok: Depart the Abyss  |     1 |       ||     1
  Use: Potion            |     1 |     1 ||     2
  Eat: Chunk             |       |     3 ||     3
Armor: Leather armour    |    37 |    20 ||    57
Dodge: Dodged            |    55 |    31 ||    86
